 Dungeon Crawl Stone Soup version 0.31.0-9-g3a7656b989 (webtiles) character file.

Game seed: 1070123145845099359

5328 qw the Markself (level 10, -5/60 HPs)
             Began as a Deep Elf Hunter on Feb 2, 2024.
             Was a Believer of Okawaru.
             Shot with an arrow by a centaur (7 damage)
             ... on level 9 of the Dungeon.
             The game lasted 00:00:34 (7528 turns).

qw the Markself (Deep Elf Hunter)                   Turns: 7528, Time: 00:00:35

Health: -5/60      AC:  7    Str: 12    XL:     10   Next: 38%
Magic:  14/15      EV: 18    Int: 15    God:    Okawaru [**....]
Gold:   455        SH:  5    Dex: 18    Spells: 9/9 levels left

rFire   + . .        d - +0 orcbow
rCold   + . .        (shield currently unavailable)
rNeg    . . .        k - +1 ring mail
rPois   .            (no helmet)
rElec   .            (no cloak)
rCorr   .            (no gloves)
SInv    .            (no boots)
Will    +....        f - amulet of reflection
Stlth   +++          i - ring of protection from cold
HPRegen 0.30/turn    b - ring of protection from fire
MPRegen 0.14/turn

%: reflection
@: lethally poisoned (-5 -> -8), about to teleport, heroic, marked, slowed, very
slow
A: no striking features
a: Renounce Religion, Heroism


You were on level 9 of the Dungeon.
You worshipped Okawaru.
Okawaru was pleased with you.
You visited 2 branches of the dungeon, and saw 10 of its levels.

You collected 455 gold pieces.


   Skills:
 - Level 6.0(11.0) Fighting
 + Level 15.3(20.3) Ranged Weapons
 - Level 2.0(7.0) Armour
 - Level 8.0(13.0) Dodging
 - Level 1.2(6.2) Stealth
 - Level 4.1 Invocations


You had 9 spell levels left.
You didn't know any spells.
Your spell library was empty.

Inventory:

Hand Weapons
 d - a +0 orcbow (weapon)
Armour
 c - the +2 robe of Hauc Zyboi {rF+}
   (You found it on level 7 of the Dungeon)

   rF+:       It protects you from fire.
 k - a +1 ring mail (worn)
Jewellery
 b - a ring of protection from fire (right hand)
 f - an amulet of reflection (around neck)
 i - a ring of protection from cold (left hand)
Wands
 n - a wand of digging (4)
Potions
 e - 4 potions of might
 g - 5 potions of curing
 h - 2 potions of heal wounds
 j - a potion of enlightenment

Dungeon Overview and Level Annotations

Branches:
Dungeon (9/15)             Temple (1/1) D:6
   Lair: D:8-11         Orc: D:9-12

Altars:
Ashenzari
Cheibriados
Dithmenos
Elyvilon
Fedhas
Gozag
Hepliaklqana
Kikubaaqudgha
Makhleb
Nemelex Xobeh
Okawaru
Ru
Sif Muna
Trog
Uskayaw
Vehumet
Wu Jian
Xom
Yredelemnul
Zin
The Shining One

Shops:
D:1 [


Message History

You shoot an arrow. The arrow closely misses the hornet.
You shoot an arrow. The arrow misses the hornet.
You shoot an arrow. The arrow misses the hornet.
You shoot an arrow. The arrow closely misses the hornet.
The hornet stings you!
You are poisoned.
You feel yourself slow down. The hornet stings you.
You feel as though you will be slow longer.
7523 ||| INVOKING Heroism.
You gain the combat prowess of a mighty hero.
You feel very sick. The hornet closely misses you.
A centaur comes into view.
The hornet stings you.
You are more poisoned.
You feel as though you will be slow longer.
You shoot an arrow. The arrow hits the hornet!
The hornet is heavily wounded.
You feel very sick. The hornet barely misses you. The hornet stings you!
You feel as though you will be slow longer.
You shoot an arrow. The arrow hits the hornet.
The hornet is severely wounded.
You feel very sick. The hornet closely misses you.
You shoot an arrow.
The arrow hits the hornet but does no damage.
The hornet is severely wounded.
You feel sick. The hornet completely misses you. You block the hornet's attack.
You shoot an arrow. The arrow hits the hornet!
You kill the hornet!
Okawaru is honoured by your kill.
You feel sick.
The centaur wields a +0 orcbow.
The centaur shoots an arrow.
The arrow hits you.
The centaur shoots an arrow.
The arrow hits you.
7528 ||| READING scroll of teleportation.
As you read the scroll of teleportation, it crumbles to dust.
You feel strangely unstable.
You feel sick.
The centaur shoots an arrow.
The arrow misses you.
The centaur shoots an arrow.
The arrow hits you!
You die...

......#..........#
......#..........#
......#..........#
......#......(...#
......#..........#
......#.....#....#
......#.....#.c..#
......#.....#....#
......#.....#...@#
......'.)...#....+
......#...<.#....#
......#.....#....#
......#.....#....#
###'###################
............#....#....#
............#....#....#
............#....#....#


You could see a centaur.

Vanquished Creatures
  Pikel (D:6)
  Jeremiah (D:6)
  Maggie (D:6)
  2 hornets (D:9)
  Grinder (D:5)
  Sigmund (D:5)
  A wyvern (D:9)
  A shadow (D:9)
  2 sky beasts
  2 water moccasins
  An orc warrior (D:9)
  2 ice beasts (D:8)
  3 ogres
  4 lemures
  4 phantoms
  3 centaurs
  2 bullfrogs
  A gnoll sergeant (D:7)
  5 scorpions
  3 wights (D:7)
  5 killer bees (D:7)
  A howler monkey (D:8)
  5 hounds
  2 orc priests
  3 iguanas
  13 orc wizards
  5 sleepcaps
  6 gnolls
  4 adders
  2 shadow imps
  A white imp (D:6)
  2 ufetubi (D:4)
  4 dart slugs
  A ribbon worm (D:2)
  20 orcs
  5 bats
  3 endoplasms
  4 giant cockroaches
  11 goblins
  6 hobgoblins
  4 jackals (D:2)
  3 quokkas
  9 ball pythons
  7 frilled lizards
  4 kobolds
  4 rats
175 creatures vanquished.

Notes
Turn   | Place    | Note
-------+----------+-------------------------------------------
     0 | D:1      | qw the Deep Elf Hunter began the quest for the Orb.
     0 | D:1      | Reached XP level 1. HP: 12/12 MP: 3/3
     0 | D:1      | 0 ||| qw: Version: 0.3-a-155-g5e7d8dd
     0 | D:1      | 0 ||| qw: Game counter: 1955
     0 | D:1      | 0 ||| qw: Melee chars always use a shield: true
     0 | D:1      | 0 ||| qw: God list: Okawaru
     0 | D:1      | 0 ||| qw: Allow faded altars: false
     0 | D:1      | 0 ||| qw: Do Orc after clearing Dungeon:15 true
     0 | D:1      | 0 ||| qw: Do second Lair branch before Depths: true
     0 | D:1      | 0 ||| qw: Lair rune preference: random
     0 | D:1      | 0 ||| qw: Goals: Normal
     0 | D:1      | 0 ||| PLANNING D:1-11
   121 | D:1      | Reached XP level 2. HP: 16/16 MP: 4/4
   122 | D:1      | Reached skill level 6 in Ranged Weapons
   130 | D:1      | Found Gaijioda's Antique Armour Shoppe.
   139 | D:1      | 139 ||| SHOPLISTING helmet (108 gold, have 0).
   139 | D:1      | 139 ||| SHOPLISTING ring mail (96 gold, have 0).
   578 | D:1      | Reached XP level 3. HP: 13/20 MP: 5/5
   744 | D:1      | 744 ||| UPGRADING to ring of protection from cold.
   745 | D:1      | 745 ||| READING scroll labelled HAUWIT MOAKAIL.
   746 | D:1      | 746 ||| READING scroll labelled HUGUKA HIAMIG.
   847 | D:1      | 847 ||| READING scroll labelled UVIPEMNIMUC.
   948 | D:1      | 948 ||| READING scroll labelled TORCHO YSYL QOIRR.
   948 | D:1      | 948 ||| IDENTIFYING coppery potion
   949 | D:1      | 949 ||| DRINKING 2 fuming white potions.
   950 | D:1      | 950 ||| DROPPING scroll of butterflies.
  1043 | D:2      | Reached skill level 7 in Ranged Weapons
  1702 | D:2      | Found a white marble altar of Elyvilon.
  1765 | D:2      | Identified the +7 sling "Iryemar" {elec, rC+}
  1767 | D:2      | 1767 ||| SWAPPING to +7 sling "Iryemar" {elec, rC+}.
  1768 | D:2      | 1768 ||| DROPPING +0 shortbow.
  1834 | D:2      | 1834 ||| UPGRADING to +0 ring mail.
  1844 | D:2      | 1844 ||| DROPPING +0 leather armour.
  1845 | D:2      | 1845 ||| READING 3 scrolls of identify.
  1845 | D:2      | 1845 ||| IDENTIFYING fizzy sapphire potion
  1846 | D:2      | 1846 ||| READING 2 scrolls of identify.
  1846 | D:2      | 1846 ||| IDENTIFYING red potion
  1847 | D:2      | 1847 ||| READING scroll of identify.
  1847 | D:2      | 1847 ||| IDENTIFYING 2 grey potions
  1848 | D:2      | 1848 ||| READING scroll labelled MEOMUT BOWIKK.
  1853 | D:2      | 1853 ||| DROPPING 2 potions of degeneration.
  1884 | D:3      | Reached XP level 4. HP: 25/25 MP: 6/6
  2456 | D:3      | 2456 ||| READING scroll of identify.
  2456 | D:3      | 2456 ||| IDENTIFYING scroll labelled ROLA CUOQUWU WIZOU
  2457 | D:3      | 2457 ||| READING scroll labelled VABAEWE REDOUF.
  2458 | D:3      | 2458 ||| DROPPING scroll of poison.
  2527 | D:4      | 2527 ||| DRINKING 3 potions of curing.
  2527 | D:4      | 2527 ||| (to cure confusion)
  2531 | D:4      | Reached skill level 8 in Ranged Weapons
  2662 | D:4      | Noticed a scorpion
  2663 | D:4      | 2663 ||| RETREEEEATING.
  2669 | D:4      | 2669 ||| RETREEEEATING.
  2673 | D:4      | HP: 5/25 [scorpion (3)]
  2674 | D:4      | 2674 ||| DRINKING 3 potions of heal wounds.
  2676 | D:4      | Killed a scorpion
  2677 | D:4      | Reached XP level 5. HP: 29/29 MP: 7/7
  2679 | D:4      | Reached skill level 9 in Ranged Weapons
  2694 | D:4      | Noticed a phantom
  2700 | D:4      | Killed a phantom
  2701 | D:4      | Reached XP level 6. HP: 26/36 MP: 8/8
  2707 | D:4      | HP: 8/36 [poisoned by a scorpion]
  2927 | D:4      | Noticed a sky beast
  2935 | D:4      | Killed a sky beast
  2936 | D:4      | Reached skill level 10 in Ranged Weapons
  3028 | D:4      | Reached skill level 3 in Dodging
  3251 | D:4      | Found a white marble altar of Elyvilon.
  3274 | D:4      | Reached XP level 7. HP: 40/40 MP: 9/9
  3364 | D:4      | 3364 ||| DROPPING +6 ring of intelligence.
  3365 | D:4      | 3365 ||| READING scroll labelled GIUPPYZUPH.
  3393 | D:5      | Entered Level 5 of the Dungeon
  3594 | D:5      | Noticed Grinder
  3602 | D:5      | Killed Grinder
  3603 | D:5      | Reached skill level 11 in Ranged Weapons
  3840 | D:5      | Reached skill level 12 in Ranged Weapons
  3909 | D:5      | Reached skill level 1 in Armour
  4133 | D:5      | Noticed Sigmund
  4138 | D:5      | Killed Sigmund
  4139 | D:5      | Reached skill level 3 in Fighting
  4139 | D:5      | Reached XP level 8. HP: 48/48 MP: 10/10
  4386 | D:6      | 4386 ||| RETREEEEATING.
  4395 | D:6      | 4395 ||| RETREEEEATING.
  4396 | D:6      | 4396 ||| RETREEEEATING.
  4397 | D:6      | 4397 ||| FLEEEEING.
  4398 | D:6      | 4398 ||| FLEEEEING.
  4399 | D:6      | 4399 ||| FLEEEEING.
  4400 | D:6      | 4400 ||| STAIRDANCE
  4478 | D:6      | 4478 ||| STAIRDANCE
  4485 | D:5      | HP: 11/48 [lemure[Pikel] (7)]
  4486 | D:5      | 4486 ||| DRINKING 2 potions of heal wounds.
  4491 | D:5      | HP: 12/48 [lemure[Pikel] (2)]
  4492 | D:5      | 4492 ||| DRINKING potion of heal wounds.
  4666 | D:6      | Noticed Pikel
  4679 | D:6      | Killed Pikel
  4680 | D:6      | Reached skill level 13 in Ranged Weapons
  4787 | D:6      | Reached skill level 14 in Ranged Weapons
  4828 | D:6      | Reached XP level 9. HP: 52/52 MP: 11/11
  4881 | D:6      | Noticed Maggie
  4887 | D:6      | Killed Maggie
  4888 | D:6      | Reached skill level 6 in Dodging
  5204 | D:6      | Found a staircase to the Ecumenical Temple.
  5205 | D:6      | 5205 ||| PLANNING TEMPLE
  5205 | D:6      | 5205 ||| READING 2 scrolls of identify.
  5205 | D:6      | 5205 ||| IDENTIFYING 2 fizzy golden potions
  5206 | D:6      | 5206 ||| READING scroll of identify.
  5206 | D:6      | 5206 ||| IDENTIFYING scroll labelled VOSAZI RAIXEUH
  5207 | D:6      | 5207 ||| DROPPING scroll of fog.
  5208 | D:6      | 5208 ||| DROPPING 2 potions of invisibility.
  5216 | Temple   | Entered the Ecumenical Temple
  5217 | Temple   | 5217 ||| PLANNING OKAWARU WORSHIP
  5247 | Temple   | Became a worshipper of Warmaster Okawaru
  5248 | Temple   | 5248 ||| PLANNING D:1-11
  5323 | D:6      | Noticed Jeremiah
  5361 | D:6      | 5361 ||| FLEEEEING.
  5362 | D:6      | 5362 ||| FLEEEEING.
  5364 | D:6      | 5364 ||| FLEEEEING.
  5367 | D:6      | 5367 ||| FLEEEEING.
  5368 | D:6      | 5368 ||| FLEEEEING.
  5369 | D:6      | 5369 ||| FLEEEEING.
  5383 | D:6      | Killed Jeremiah
  5942 | D:7      | Reached skill level 6 in Fighting
  5942 | D:7      | Identified the +2 robe of Hauc Zyboi {rF+}
  5959 | D:7      | 5959 ||| SWAPPING to +0 orcbow.
  5966 | D:7      | Reached * piety under Okawaru
  6003 | D:7      | 6003 ||| DROPPING +7 sling "Iryemar" {elec, rC+}.
  6100 | D:7      | 6100 ||| RETREEEEATING.
  6103 | D:7      | 6103 ||| RETREEEEATING.
  6105 | D:7      | 6105 ||| RETREEEEATING.
  6117 | D:7      | Reached skill level 1 in Invocations
  6223 | D:7      | Found an ornate altar of the Wu Jian Council.
  6377 | D:7      | Found a hazy altar of Hepliaklqana.
  6414 | D:7      | 6414 ||| UPGRADING to amulet of reflection.
  6419 | D:7      | 6419 ||| UPGRADING to ring of protection from fire.
  6420 | D:7      | 6420 ||| READING scroll labelled MYFED KIMOIZ.
  6420 | D:7      | 6420 ||| ENCHANTING +0 ring mail.
  6453 | D:8      | 6453 ||| STAIRDANCE
  6461 | D:8      | Reached XP level 10. HP: 38/60 MP: 13/13
  6997 | D:8      | 6997 ||| READING scroll of identify.
  6997 | D:8      | 6997 ||| IDENTIFYING fuming silvery potion
  6998 | D:8      | 6998 ||| READING scroll labelled FYLI ACKAQUGIX.
  6999 | D:8      | 6999 ||| DROPPING potion of brilliance.
  7034 | D:9      | Found a shimmering blue altar of Sif Muna.
  7154 | D:9      | Reached skill level 3 in Invocations
  7270 | D:9      | Reached ** piety under Okawaru
  7403 | D:9      | 7403 ||| INVOKING Heroism.
  7438 | D:9      | Reached skill level 15 in Ranged Weapons
  7523 | D:9      | 7523 ||| INVOKING Heroism.
  7527 | D:9      | HP: 14/60 [poisoned by a hornet]
  7527 | D:9      | HP: 3/60 [centaur/arrow (6)]
  7528 | D:9      | 7528 ||| READING scroll of teleportation.
  7528 | D:9      | Shot with an arrow by a centaur

Levels and vault maps discovered:
D:1:      evilmike_arrival_hilbert_curve, layout_loops_ring, serial_shops,
          nicolae_shop_statue_plus
D:2:      layout_loops_corners, basic_altar
D:3:      layout_loops_ring
D:4:      layout_cave_pools, elyvilon_altar_3, minivault_5,
          chequers_hall_statues_wall_a, kennysheep_diamond
D:5:      layout_loops_corners, uniq_grinder, uniq_sigmund
D:6:      layout_basic, minmay_temple_entry_trees, minmay_quadrilaterals,
          uniq_maggie, uniq_pikel, uniq_jeremiah
D:7:      layout_basic, nzn_hepliaklqana_mist_gate, nzn_wu_jian_contemplation,
          minivault_1
D:8:      layout_basic
D:9:      layout_grid_maze, mainiacjoe_overflow_paths, minmay_hedge_maze
Temple:   minmay_crystal_spiral_temple

Skill      XL: |  1  2  3  4  5  6  7  8  9 10 |
---------------+-------------------------------+-----
Ranged Weapons | 6 7 8 9 10 12 14 15 | 15.3
Fighting       | 2 3 6 |  6.0
Dodging        | 3 5 8 |  8.0
Armour         | 1 2 |  2.0
Invocations    | 1 4 |  4.1
Stealth        | |  1.2

Action                     |  1- 3 |  4- 6 |  7- 9 | 10-12 || total
---------------------------+-------+-------+-------+-------++-------
   Fire: Shortbow          |   151 |       |       |       ||   151
         Sling             |     2 |    82 |   232 |       ||   316
         Orcbow            |       |       |    39 |   142 ||   181
 Invoke: Heroism           |       |       |       |     2 ||     2
    Use: Scroll            |     8 |     2 |     4 |     3 ||    17
         Potion            |     1 |     2 |     2 |       ||     5
 Armour: Leather armour    |    33 |       |       |       ||    33
         Ring mail         |       |    36 |    75 |    49 ||   160
  Dodge: Dodged            |    24 |    41 |    60 |    44 ||   169
  Block: Other             |       |       |     1 |    11 ||    12

Table legend:
 A = Non-vault XP
 B = Vault XP
 C = Vault XP percentage of total XP
 D = Non-vault monster count
 E = Vault monster count
 F = Vault count percentage of total count
                 A         B        C        D         E       F
            +---------+---------+-------+---------+---------+-------
      Total |    5115 |    2497 |  32.8 |     159 |      12 |   7.0
            +---------+---------+-------+---------+---------+-------
        D:1 |      48 |       0 |   0.0 |      31 |       0 |   0.0
        D:2 |      48 |       0 |   0.0 |      18 |       0 |   0.0
        D:3 |      16 |       0 |   0.0 |      10 |       0 |   0.0
        D:4 |     354 |     271 |  43.4 |      20 |       3 |  13.0
        D:5 |     544 |     489 |  47.3 |      15 |       2 |  11.8
        D:6 |    1039 |    1737 |  62.6 |      19 |       7 |  26.9
        D:7 |     956 |       0 |   0.0 |      23 |       0 |   0.0
        D:8 |     652 |       0 |   0.0 |      10 |       0 |   0.0
        D:9 |    1458 |       0 |   0.0 |      13 |       0 |   0.0
            +---------+---------+-------+---------+---------+-------
